 Dungeon Crawl Stone Soup version 0.24.0-123-gd5b16e6ec5 (webtiles) character file.

Game seed: 2164282560118114608, levelgen mode: deterministic

367 Mesmaeker13 the Digger (level 6, -22/45 HPs)
             Began as a Draconian Earth Elementalist on Jan 29, 2020.
             Killed from afar by Ijyb (25 damage)
             ... with a bolt of acid
             ... on level 4 of the Dungeon.
             The game lasted 00:06:15 (4117 turns).

Mesmaeker13 the Digger (DrEE)                       Turns: 4117, Time: 00:06:16

Health: -22/45     AC: -2    Str: 10    XL:     6   Next: 41%
Magic:  6/11       EV: 13    Int: 18    God:
Gold:   128        SH:  0    Dex: 11    Spells: 7/11 levels left

rFire    . . .     SeeInvis .   r - +0 whip (venom)
rCold    . . .     Gourm    .   (no shield)
rNeg     . . .     Faith    .   (armour unavailable)
rPois    .         Spirit   .   (helmet restricted)
rElec    .         Reflect  .   (no cloak)
rCorr    .         Harm     .   (no gloves)
MR       +....                  (no boots)
Stlth    +.........             (no amulet)
HPRegen  0.15/turn              g - ring of protection from magic
MPRegen  0.12/turn              o - ring of attention (curse)

@: corroded
A: unfitting armour, cold-blooded, AC +6
a: no special abilities


You were on level 4 of the Dungeon.
You were not hungry.

You visited 1 branch of the dungeon, and saw 4 of its levels.

You collected 161 gold pieces.
You spent 33 gold pieces at shops.

Inventory:

Hand Weapons
 r - a +0 whip of venom (weapon)
 u - a +2 falchion of holy wrath
Missiles
 b - 69 stones (quivered)
Jewellery
 g - a ring of protection from magic (left hand)
 k - an uncursed ring of ice
 o - a cursed ring of attention (right hand)
Scrolls
 e - a scroll of blinking
 h - a scroll of immolation {unknown}
 n - a scroll of noise {unknown}
 q - 3 scrolls of teleportation
 s - a scroll of remove curse {unknown}
 t - a scroll of identify
 v - a scroll of amnesia {unknown}
Potions
 a - 2 potions of curing
 d - a potion of brilliance {unknown}
 f - a potion of flight
 i - a potion of might {unknown}
 j - a potion of haste {unknown}
 l - a potion of cancellation {unknown}
 p - 2 potions of agility {unknown}
 w - a potion of invisibility {unknown}
 x - 2 potions of heal wounds {unknown}
Comestibles
 c - 8 rations
 m - 3 chunks of flesh


   Skills:
 + Level 3.8 Dodging
 - Level 1.7 Stealth
 - Level 3.4 Spellcasting
 + Level 1.8 Conjurations
   Level 1.0 Transmutations
 + Level 4.9 Earth Magic


You had 7 spell levels left.
You knew the following spells:

 Your Spells              Type           Power        Failure   Level  Hunger
a - Sandblast             Erth           ###...       1%          1    None
b - Stone Arrow           Conj/Erth      ###...       12%         3    ###....

Your spell library contained the following spells:

 Spells                   Type           Power        Failure   Level  Hunger
 Passwall                 Tmut/Erth      ##......     7%          2    ##.....
 Sublimation of Blood     Necr           #.........   24%         2    ##.....
 Petrify                  Tmut/Erth      ##......     43%         4    ####...
 Lee's Rapid Deconstruct  Erth           ###.......   50%         5    ######.


Dungeon Overview and Level Annotations

Branches:
Dungeon (4/15)
 Temple: D:4-7

Altars:
Kikubaaqudgha
Ru
Vehumet

Shops:
D:4 !

Annotations:
D:4 Ijyb


Innate Abilities, Weirdness & Mutations

Your plain brown scales are hard. (AC +6)
You cannot fit into any form of body armour.
You are cold-blooded and may be slowed by cold attacks.


Message History

Casting: Sandblast (safe; 1% risk of failure)
Confirm with . or Enter, or press ? or * to list all spells.
Aiming: Sandblast (safe; 1% risk of failure)
Press: ? - help, Shift-Dir - straight line, f/p - Ijyb
Aim: Ijyb, wielding a -2 club, wearing a +0 leather armour and carrying a wand of acid (2) (heavily wounded)
The blast of sand hits Ijyb.
Ijyb is severely wounded.
b - 70 stones Ijyb zaps a wand.
The bolt of acid misses you.
Casting: Sandblast (safe; 1% risk of failure)
Confirm with . or Enter, or press ? or * to list all spells.
Aiming: Sandblast (safe; 1% risk of failure)
Press: ? - help, Shift-Dir - straight line, f/p - Ijyb
Aim: Ijyb, wielding a -2 club, wearing a +0 leather armour and carrying a wand of acid (1) (severely wounded)
The blast of sand hits Ijyb.
Ijyb is severely wounded.
b - 69 stones Ijyb zaps a wand.
The bolt of acid hits you!!
Ouch! That really hurt!
You die...

# #...##.##.#........#
############....#.##..........###
.......................>.........
#############.#.#.#...#÷#.#######
#############.#....####.#.# #
..........................#
#############.#......g....# #
#####.#.g#..###.∩## #
#.....#.@#..#<#...#
#........#..#.#...#
#########....###.#..#.##..##
#................#....##...#..
#......).....######)##.......#
.........#..........##.......#
.........#############.......#
.........# #.......#
.........##### #.......#


You could see Ijyb.

Vanquished Creatures
  Jessica (D:2)
  2 orc wizards (D:4)
  2 worker ants (D:4)
  7 gnolls
  8 adders
  2 oozes
  2 worms (D:2)
  2 dart slugs
  2 leopard geckos
  2 orcs (D:4)
  4 giant cockroaches
  7 goblins
  6 hobgoblins
  6 jackals
  3 quokkas
  A ball python (D:1)
  7 bats
  6 frilled lizards
  11 kobolds
  2 rats
83 creatures vanquished.

Notes
Turn   | Place    | Note
-------+----------+-------------------------------------------
     0 | D:1      | Mesmaeker13 the Draconian Earth Elementalist began the
                  | quest for the Orb.
     0 | D:1      | Reached XP level 1. HP: 14/14 MP: 3/3
   255 | D:1      | Reached XP level 2. HP: 20/20 MP: 3/5
   971 | D:2      | Reached XP level 3. HP: 26/26 MP: 6/6
  1013 | D:2      | Learned a level 3 spell: Stone Arrow
  1346 | D:2      | Noticed Jessica
  1362 | D:2      | Killed Jessica
  1362 | D:2      | Reached XP level 4. HP: 33/33 MP: 1/8
  1433 | D:2      | Identified Jessica's Grimoire of Sinister Rites
  1999 | D:3      | Found an ancient bone altar of Kikubaaqudgha.
  2092 | D:3      | Found a radiant altar of Vehumet.
  2172 | D:3      | Reached skill level 4 in Earth Magic
  2262 | D:3      | Reached XP level 5. HP: 38/38 MP: 6/9
  3123 | D:4      | Found Ako Jekh's Distillery.
  3140 | D:4      | Bought a potion of curing for 33 gold pieces
  3176 | D:4      | Found a sacrificial altar of Ru.
  3326 | D:4      | Reached skill level 1 in Conjurations
  3342 | D:4      | Reached XP level 6. HP: 28/45 MP: 3/11
  3535 | D:4      | Noticed Ijyb
  4113 | D:4      | HP: 2/45 [acid (13)]
  4117 | D:4      | Killed from afar by Ijyb

Levels and vault maps discovered:
D:1:      dpeg_arrival_line_fractal, layout_basic, columned_hall_lemuel,
          minivault_23, hangedman_decor_opposing
D:2:      layout_basic, kennysheep_jessica_study
D:3:      layout_loops_corners, kiku_gazebo_pond_becter, vehumet_crystals,
          chequers_arboretum
D:4:      layout_basic, nicolae_overflow_quartered_altars, serial_shops, shop,
          uniq_ijyb

Skill      XL: |  1  2  3  4  5 |
---------------+----------------+-----
Dodging        | 2 3 |  3.8
Spellcasting   | 3 |  3.4
Earth Magic    | 4 |  4.9
Conjurations   | 1 |  1.8
Stealth        | |  1.7
Transmutations | |  1.0

Action                   |  1- 3 |  4- 6 || total
-------------------------+-------+-------++-------
Melee: Dagger            |    89 |    58 ||   147
       Tailslap          |    10 |    15 ||    25
       Whip              |       |    80 ||    80
 Cast: Sandblast         |    31 |    56 ||    87
  Use: Scroll            |       |     4 ||     4
       Potion            |       |     1 ||     1
 Stab: Sleeping          |     3 |       ||     3
  Eat: Chunk             |     2 |     9 ||    11
Armor: Skin              |    37 |    33 ||    70
Dodge: Dodged            |    86 |    98 ||   184
